Map: Ruins of Seras

Players

EagleHeart - Winner!

  • Race: Terran Terran
  • League: Silver

oremj

  • Race: Zerg Zerg
  • League: Platinum

VOD

Have the link to the VOD?

Description

Time

  • Played on: Nov. 17, 2015, 2:28 p.m.
  • Length: 16:18
Show
View Real Time Build Order
Export as new Build Order

EagleHeart Terran - Winner!

Build Orders: Mech 

Get SALT Encoding   

  12  0:01  SCV  
  13  0:13  SCV  
  14  0:20  Supply Depot  
  14  0:25  SCV  
  15  0:41  SCV  
  16  0:42  Barracks  
  16  0:49  Refinery  
  16  0:53  SCV  
  17  1:06  SCV  
  18  1:18  SCV  
  19  1:29  Supply Depot  
  19  1:30  Marine  
  19  1:31  Orbital Command  
  20  1:54  Barracks Reactor  
  20  1:59  Command Center  
  20  2:02  SCV  
  21  2:10  Factory  
  21  2:16  Supply Depot  
  21  2:19  SCV  
  22  2:24  Refinery  
  22  2:31  SCV  
  22  2:34  Marine x2  
  25  2:43  SCV  
  26  2:52  Marine x2  
  26  2:53  Factory Tech Lab  
  26  2:55  SCV  
  29  3:07  SCV  
  29  3:11  Orbital Command  
  30  3:14  Siege Tank, Refinery  
  30  3:16  Marine  
  30  3:17  Marine  
  35  3:21  SCV  
  36  3:34  Marine  
  36  3:35  Marine  
  36  3:37  SCV  
  36  3:39  SCV  
  40  3:46  Siege Tank  
  43  3:52  SCV  
  44  3:58  Factory  
  44  4:04  SCV  
  44  4:05  Factory  
  45  4:11  SCV  
  45  4:16  SCV  
  47  4:22  Supply Depot  
  47  4:23  SCV  
  47  4:24  Supply Depot  
  48  4:25  Siege Tank  
  48  4:26  Marine x2  
  53  4:31  SCV  
  54  4:43  SCV x2  
  54  4:45  Factory Reactor  
  56  4:48  Supply Depot  
  56  4:51  Supply Depot  
  56  4:56  SCV x2  
  58  5:02  Hellion  
  58  5:03  Hellion  
  62  5:07  Hellion  
  62  5:08  Infernal Pre-Igniter  
  62  5:10  SCV x2  
  66  5:14  Refinery  
  66  5:15  Supply Depot  
  66  5:16  Supply Depot  
  66  5:21  Hellion  
  66  5:22  Hellion  
  66  5:24  Hellion  
  66  5:27  Hellion  
  74  5:28  SCV  
  74  5:29  SCV  
  76  5:41  Armory  
  76  5:46  Engineering Bay  
  76  5:51  Siege Tank  
  76  5:52  Hellion  
  76  5:53  Hellion x2  
  85  5:58  SCV x2  
  85  6:04  Starport  
  87  6:09  Starport  
  83  6:38  Siege Tank  
  86  6:41  Starport Tech Lab  
  86  6:47  Starport Reactor  
  86  6:49  Supply Depot  
  86  6:50  SCV x2  
  86  6:51  Supply Depot  
  86  6:52  Terran Vehicle Weapons Level 1  
  88  6:55  Hellion x4  
  88  6:59  Banshee  
  99  7:01  Cloaking Field  
  99  7:07  Liberator  
  99  7:08  Liberator  
  99  7:10  Siege Tank  
  102  7:18  Command Center  
  102  7:21  Missile Turret  
  102  7:22  Missile Turret  
  108  7:36  SCV  
  110  7:37  SCV  
  110  7:39  Supply Depot  
  110  7:41  Supply Depot  
  110  7:45  Banshee  
  110  7:50  Liberator  
  113  8:00  Hellion x2  
  113  8:01  Hellion x2  
  113  8:03  Siege Tank  
  124  8:07  Supply Depot  
  127  8:15  Supply Depot  
  127  8:17  Liberator  
  127  8:30  Orbital Command  
  127  8:33  Refinery  
  127  8:34  Refinery  
  127  8:35  Banshee  
  127  8:39  Liberator  
  133  8:46  Terran Vehicle And Ship Armor Level 1  
  133  8:59  SCV x3  
  133  9:00  Liberator  
  139  9:11  SCV  
  138  9:17  Banshee  
  144  9:27  SCV x2  
  146  9:38  SCV  
  146  9:39  SCV x2  
  146  9:41  Liberator  
  146  9:43  Liberator  
  146  9:44  Command Center  
  149  9:48  Armory  
  149  9:50  Supply Depot  
  149  9:54  Supply Depot  
  149  9:56  Siege Tank  
  149  9:57  Supply Depot  
  155  10:00  Banshee  
  155  10:02  Hellion  
  155  10:03  Hellion  
  165  10:12  Hellion x2  
  169  10:17  Supply Depot  
  169  10:19  Supply Depot  
  161  10:24  Hellion x2, Liberator  
  161  10:26  SCV x3  
  161  10:28  Siege Tank  
  171  10:30  Factory  
  171  10:35  Terran Vehicle Weapons Level 2  
  171  10:40  Terran Vehicle And Ship Armor Level 2  
  171  10:42  SCV x2  
  176  10:43  SCV, Factory  
  176  10:48  Banshee  
  180  10:54  SCV x2  
  182  11:00  SCV  
  182  11:01  Orbital Command  
  183  11:06  SCV, Siege Tank  
  183  11:07  Hellion x4  
  195  11:15  Command Center  
  195  11:28  Hellion  
  195  11:31  Banshee  
  200  11:51  Liberator  
  195  12:04  Liberator x2  
  198  12:46  Orbital Command  
  198  12:50  Factory Tech Lab  
  198  12:51  Factory Tech Lab  
  198  12:54  Starport  
  198  12:56  Terran Vehicle Weapons Level 3  
  198  12:57  Terran Vehicle And Ship Armor Level 3, Starport  
  192  13:09  Viking x3  
  145  13:34  Siege Tank x2  
  145  13:35  Siege Tank  
  145  13:36  Hellion x2  
  145  13:37  Hellion x2  
  145  13:39  Viking  
  162  13:50  Starport Reactor  
  162  13:53  Orbital Command  
  162  13:55  Starport Tech Lab  
  162  13:58  Hellion  
  164  14:02  Refinery  
  164  14:06  Banshee  
  164  14:09  Refinery  
  155  14:49  Banshee  
  150  15:08  Siege Tank x3  
  150  15:09  Hellion  
  150  15:10  Hellion x3  
  161  15:14  Liberator x3  
  161  15:15  Liberator  
  146  15:29  Banshee  
  146  15:31  Banshee  
  146  15:34  Hellion x3  
  146  15:35  Hellion  
Show
View Real Time Build Order
Export as new Build Order

oremj Zerg 

Build Orders: Hatch First, Lurkers 

Get SALT Encoding   

  12  0:01  Drone  
  13  0:08  Drone  
  14  0:35  Hatchery  
  14  0:38  Drone  
  14  0:45  Overlord  
  14  1:04  Drone x3  
  17  1:10  Extractor  
  16  1:15  Drone  
  17  1:21  Spawning Pool  
  16  1:26  Drone  
  17  1:38  Drone  
  18  1:53  Drone x2  
  20  2:00  Drone  
  21  2:06  Drone  
  21  2:07  Queen x2  
  26  2:11  Overlord  
  26  2:17  Zergling x2  
  26  2:19  Zergling x2  
  28  2:24  Metabolic Boost  
  28  2:30  Overlord  
  28  2:34  Drone  
  28  2:36  Drone  
  30  2:41  Drone  
  31  2:51  Drone  
  31  2:55  Drone x2  
  34  3:00  Queen  
  34  3:03  Queen  
  38  3:06  Drone  
  39  3:14  Drone x3  
  42  3:21  Drone, Extractor  
  42  3:22  Drone x2  
  44  3:33  Overlord  
  44  3:46  Lair  
  44  3:49  Overlord  
  44  3:55  Overlord  
  44  3:57  Drone x6  
  49  4:03  Overlord  
  49  4:21  Hatchery, Overlord  
  49  4:22  Drone x4  
  52  4:28  Drone  
  52  4:29  Roach Warren  
  52  4:34  Drone  
  53  4:43  Drone  
  53  4:44  Drone x3  
  57  4:46  Extractor  
  57  4:48  Extractor  
  55  4:57  Drone x3  
  55  4:58  Drone  
  59  5:04  Zergling x4  
  61  5:09  Overlord  
  61  5:12  Glial Reconstitution  
  61  5:14  Burrow  
  61  5:17  Roach  
  61  5:19  Roach x3  
  69  5:22  Roach  
  69  5:26  Roach  
  69  5:28  Roach x3  
  79  5:31  Overlord  
  79  5:36  Roach  
  79  5:37  Roach  
  83  5:45  Drone x2  
  83  5:47  Hatchery  
  84  5:57  Drone  
  84  5:58  Drone x8  
  84  6:01  Extractor  
  84  6:03  Drone  
  93  6:05  Extractor  
  92  6:13  Roach x3  
  98  6:22  Ravager x3  
  100  6:29  Roach  
  100  6:30  Roach x2  
  100  6:31  Overlord x3  
  100  6:32  Overlord  
  105  6:46  Evolution Chamber, Overlord x2  
  105  6:47  Evolution Chamber, Overlord x2  
  103  6:58  Drone x2  
  103  7:00  Queen  
  103  7:01  Hydralisk Den  
  106  7:05  Drone x3  
  106  7:06  Drone x3  
  112  7:10  Roach x7  
  126  7:16  Zerg Missile Weapons Level 1, Zerg Ground Armor Level 1  
  126  7:24  Overseer  
  126  7:27  Drone x2  
  128  7:30  Hydralisk  
  128  7:31  Hatchery, Hydralisk x2  
  133  7:52  Hydralisk  
  133  7:53  Hydralisk x8  
  133  7:56  Drone  
  152  8:11  Pneumatized Carapace  
  152  8:14  Drone x6  
  152  8:15  Drone  
  159  8:28  Infestation Pit  
  158  8:40  Drone x4, Extractor  
  161  8:42  Extractor  
  161  8:43  Drone x3  
  161  8:45  Drone x2  
  165  8:53  Lurker Den  
  165  9:16  Hydralisk x3  
  165  9:17  Overlord x3, Hydralisk  
  165  9:18  Overlord x3  
  171  9:32  Spine Crawler  
  171  9:33  Drone x5, Spine Crawler  
  171  9:34  Drone x3, Spine Crawler x2, Spore Crawler  
  171  9:37  Spine Crawler  
  173  9:38  Spine Crawler  
  173  9:39  Spine Crawler  
  173  9:43  Ravager x4  
  173  9:44  Ravager x4  
  179  9:52  Hive  
  179  9:57  Drone x4  
  183  10:04  Hatchery  
  182  10:09  Spine Crawler x2  
  182  10:12  Spine Crawler  
  179  10:19  Hydralisk  
  181  10:22  Lurker x7  
  181  10:23  Lurker x2  
  181  10:28  Queen x2  
  194  10:36  Spire  
  193  10:46  Zerg Missile Weapons Level 2  
  193  10:47  Zerg Ground Armor Level 2  
  193  10:52  Overseer x3  
  193  11:21  Ultralisk Cavern  
  193  11:25  Hydralisk x4  
  192  11:26  Hydralisk x2  
  192  11:28  Roach x11  
  194  11:36  Lurker  
  169  12:09  Spire  
  156  12:18  Mutalisk  
  156  12:19  Mutalisk x20  
  190  12:37  Drone x3  
  190  12:38  Drone x2  
  190  12:44  Spine Crawler  
  194  12:46  Drone x4  
  194  12:47  Drone x2, Extractor x2  
  198  12:53  Spine Crawler  
  198  12:54  Spine Crawler  
  198  12:55  Spine Crawler x2  
  191  13:26  Roach x19  
  191  13:27  Roach x3  
  128  13:34  Roach  
  128  13:37  Roach x2  
  131  13:54  Zergling x12  
  137  14:02  Ultralisk x3  
  155  14:07  Hatchery  
  154  14:18  Zergling x2  
  154  14:19  Zergling x14  
  162  14:26  Hydralisk  
  162  14:27  Hydralisk x3  
  124  14:44  Hydralisk  
  124  14:45  Hydralisk x8  
Tags
 
Add a new tag
Caveats
  • Supply blocks, unpowered buildings, or Contaminate may cause inaccurate times.
  • Supply counts are checked every 10 seconds.